 Dungeon Crawl Stone Soup version 0.19-a0-892-g8a19e52 (webtiles) character file.

48 matakusis the Ducker (level 3, -2/28 HPs)
             Began as a Demonspawn Gladiator on July 4, 2016.
             Slain by a gnoll
             ... wielding a +0 spear
              (10 damage)
             ... on level 2 of the Dungeon.
             The game lasted 00:02:52 (986 turns).

matakusis the Ducker (Demonspawn Gladiator)          Turns: 986, Time: 00:02:53

Health: -2/28      AC:  5    Str: 20    XL:     3   Next: 50%
Magic:  3/3        EV: 10    Int:  9    God:
Gold:   30         SH:  0    Dex: 14    Spells: 0 memorised, 2 levels left

rFire  . . .     SeeInvis .     a - +0 long sword
rCold  . . .     Gourm    +     b - +0 leather armour
rNeg   . . .     Faith    .     (no shield)
rPois  .         Spirit   .     c - +0 helmet
rElec  .         Dismiss  .     (no cloak)
rCorr  .         Reflect  .     (no gloves)
SustAt .         Harm     .     (no boots)
MR     .....                    k - amulet of the gourmand
Stlth  +.........               (no ring)
                                o - -3 ring of evasion (curse)

@: mighty, not resistant to hostile enchantments, very unstealthy
A: icy blue scales 1, demonic guardian 1
a: no special abilities


You were on level 2 of the Dungeon.
You were not hungry.

You visited 1 branch of the dungeon, and saw 2 of its levels.

You collected 30 gold pieces.

Inventory:

Hand Weapons
 a - a +0 long sword (weapon)
Missiles
 d - 3 throwing nets (quivered)
Armour
 b - a +0 leather armour (worn)
 c - a +0 helmet (worn)
Jewellery
 k - an amulet of the gourmand (around neck)
 o - a cursed -3 ring of evasion (left hand)
Scrolls
 g - a scroll of enchant armour {unknown}
 h - a scroll of random uselessness {unknown}
 j - 2 scrolls of identify {unknown}
 n - a scroll of teleportation {unknown}
Comestibles
 f - 3 bread rations
 l - 4 fruits
 m - a slice of pizza
 p - a chunk of flesh


   Skills:
 * Level 2.3 Fighting
 + Level 3.1 Long Blades
 - Level 1.7 Throwing
 * Level 3.6 Dodging


You had 2 spell levels left.
You didn't know any spells.

Dungeon Overview and Level Annotations

Branches:
Dungeon (2/15)

Altars:


Innate Abilities, Weirdness & Mutations

You are partially covered in icy blue scales. (AC +1)
A weak demonic guardian rushes to your aid.


Message History

a throwing net; a short sword You struggle against the net.
The gnoll shouts!
You tear a large gash into the net.
Your crimson imp barely misses the gnoll.
A giant cockroach comes into view.
It was a potion of might.
You feel very mighty all of a sudden. The gnoll hits you but does no damage.
The gnoll hits your crimson imp with a whip of electrocution.
There is a sudden explosion of sparks!
Your crimson imp dies!
It was a potion of curing.
You feel better.
The gnoll hits you from afar with a spear.
You shred the net and break free! The gnoll closely misses you.
The gnoll hits you with a whip of electrocution!
* * * LOW HITPOINT WARNING * * *
You closely miss the gnoll.
The gnoll hits you from afar with a spear!
You die...

##.##.###...###.......).#
...##.# ##### ###.#######
####### #.#... ####
########.#.###. ...#
...............# ...#
.........#.##### ...#
.).......#... '###
........?# ### ..#
.......@)# ..#
........gg...# ..#
..>.....g....# ..#
..........s..# ..#
########.....# ..#
#.....# ..# ......# ..#
...... ###


You could see 3 gnolls and a giant cockroach.

Vanquished Creatures
  A gnoll (D:2)
  An adder (D:2)
  5 bats (D:1)
  5 goblins (D:1)
  A hobgoblin (D:1)
  3 jackals (D:1)
  6 kobolds
  A giant newt (D:1)
  6 rats (D:1)
29 creatures vanquished.

Notes
Turn   | Place    | Note
-------+----------+-------------------------------------------
     0 | D:1      | matakusis the Demonspawn Gladiator began the quest for the Orb.
     0 | D:1      | Reached XP level 1. HP: 16/16 MP: 1/1
   155 | D:1      | Gained mutation: A weak demonic guardian rushes to your aid. [demonic ancestry]
   155 | D:1      | Reached XP level 2. HP: 15/22 MP: 2/2
   956 | D:2      | Gained mutation: You are partially covered in icy blue scales. (AC +1) [demonic ancestry]
   956 | D:2      | Reached XP level 3. HP: 27/27 MP: 3/3
   986 | D:2      | Slain by a gnoll

Vault maps used:
D:1:      lightli_arrival_boilingwater
D:2:      nicolae_overflow_crystal_walls

Skill      XL: |  1  2 |
---------------+-------+-----
Dodging        | 3 |  3.6
Long Blades    | 3 |  3.1
Fighting       | |  2.3
Throwing       | |  1.7

Action                   || total
-------------------------++-------
Melee: Long sword        ||    84
  Use: Potion            ||     2
  Eat: Chunk             ||     4
Armor: Leather armour    ||    15
Dodge: Dodged            ||    44
